 Dungeon Crawl Stone Soup version 0.31-a0-801-gc67433417a (webtiles) character file.

Game seed: 6917960019187437081

959 GordonOverkill the Gusty (level 7, 0/41 HPs)
             Began as a Deep Elf Delver on Sept 20, 2023.
             Was an Initiate of Gozag.
             Slain by an iguana (11 damage)
             ... on level 4 of the Dungeon.
             The game lasted 00:12:29 (6097 turns).

GordonOverkill the Gusty (Deep Elf Delver)          Turns: 6097, Time: 00:12:30

Health: 0/41       AC:  9    Str:  9    XL:     7   Next: 91%
Magic:  8/19       EV: 12    Int: 24    God:    Gozag
Gold:   137        SH:  0    Dex: 16    Spells: 8/19 levels left

rFire   . . .        r - +3 rapier
rCold   + . .        (no shield)
rNeg    . . .        j - +2 leather armour of the Old and Reckless {rC+ Will- Int+7 SInv}
rPois   .            x - +1 helmet
rElec   .            (no cloak)
rCorr   .            b - +0 pair of gloves
SInv    +            p - +0 pair of boots
Will    .....        (no amulet)
Stlth   +++          (no ring)
HPRegen 0.26/turn    (no ring)
MPRegen 0.16/turn

%: no passive effects
@: no status effects
A: no striking features
a: Renounce Religion, Potion Petition, Call Merchant, Bribe Branch


You were on level 4 of the Dungeon.
You worshipped Gozag.
Gozag was aware of your devotion.
You visited 1 branch of the dungeon, and saw 7 of its levels.

You collected 272 gold pieces.
You paid 135 gold pieces to Gozag.

Inventory:

Hand Weapons
 r - a +3 rapier (weapon)
Armour
 b - a +0 pair of gloves (worn)
 j - the +2 leather armour of the Old and Reckless (worn) {rC+ Will- Int+7 SInv}
   (You found it on level 3 of the Dungeon)

   Int+7:     It affects your intelligence (+7).
   rC+:       It protects you from cold.
   Will-:     It decreases your willpower.
   SInv:      It lets you see invisible.
 p - a +0 pair of boots (worn)
 x - a +1 helmet (worn)
Magical Staves
 e - a staff of conjuration
Talismans
 o - a storm talisman
Wands
 i - a wand of flame (21)
Scrolls
 c - a scroll of fog
 d - 2 scrolls of revelation
 l - 2 scrolls of teleportation
 m - a scroll of fear
 n - a scroll of torment {unknown}
Potions
 a - 2 potions of attraction {unknown}
 f - a potion of haste
 h - a potion of lignification
 k - 3 potions of mutation {unknown}
 q - a potion of heal wounds {unknown}
 s - a potion of might {unknown}
 t - 2 potions of curing {unknown}
 u - 2 potions of invisibility {unknown}
 v - 2 potions of resistance {unknown}
 w - a potion of brilliance {unknown}


   Skills:
 - Level 3.0 Fighting
 - Level 2.0 Short Blades
 - Level 2.4 Dodging
 - Level 6.0 Stealth
 + Level 6.7 Spellcasting
 - Level 7.0 Air Magic


You had 8 spell levels left.
You knew the following spells:

 Your Spells              Type           Power      Damage    Failure   Level
a - Airstrike             Air            20%        2d(3-19)  6%          4
b - Swiftness             Air            41%        N/A       1%          3
c - Summon Lightning Spi  Summ/Air       24%        N/A       24%         4

Your spell library contained the following spells:

 Spells                   Type           Power      Damage    Failure   Level
 Shock                    Conj/Air       96%        1d9       2%          1
 Summon Small Mammal      Summ           32%        N/A       11%         1
 Brom's Barrelling Bould  Conj/Erth      8%         2d3       71%         4
 Lee's Rapid Deconstruct  Erth           4%         3d5*      96%         5


Dungeon Overview and Level Annotations

Branches:
Dungeon (7/15)             Temple (0/1) D:4

Altars:
Gozag
Xom
Zin

Shops:
D:3 (   D:5 (


Message History

The iguana bites you but does no damage.
The two-headed ogre is distracted by your dazzling golden aura.
The iguana attacks as it pursues you!
The iguana bites you but does no damage.
You barely miss the iguana.
The two-headed ogre is no longer distracted by gold.
The iguana closely misses you.
Aiming: Dig
Press: ? - help, Shift-Dir - straight line A rock wall.
The rock shatters into small pieces.
The now-empty wand crumbles to dust.
The iguana closely misses you.
The two-headed ogre is distracted by your dazzling golden aura.
The scorpion is distracted by your dazzling golden aura.
The iguana bites you.
* * * LOW HITPOINT WARNING * * *
The iguana attacks as it pursues you!
The iguana bites you but does no damage.
The iguana attacks as it pursues you! The iguana bites you.
* * * LOW HITPOINT WARNING * * *
There is an escape hatch in the ceiling here.
The iguana closely misses you. A mysterious force pulls you upwards.
The hatch slams shut behind you.
You barely miss the iguana. The iguana bites you!
* * * LOW HITPOINT WARNING * * *
You closely miss the iguana. The iguana bites you.
* * * LOW HITPOINT WARNING * * *
You hit the iguana but do no damage. The iguana bites you.
* * * LOW HITPOINT WARNING * * *
You hit the iguana.
The iguana is heavily wounded.
The iguana closely misses you.
You hit the iguana.
The iguana is almost dead.
The iguana closely misses you.
You hit the iguana but do no damage.
The iguana is almost dead.
The iguana bites you!
You die...
Your body crumbles into a pile of gold.

.....# #..##.# #.#.##......###...
..#..###..##.###.#.##........#...
.................#.##........#...
...###'###.......#.##.#+##...+...
..##.....###.###.#.##.#.##...####
...#.###.#.......................
...'.#>'.'.#.###.#.##.#.#####.##.
).##.###.#..............##....##.
...#.....#......@#.##...##....##.
..[###'###......l#.##.#.##....##.
.................####.#.##....##.
.........................'....##.
......>.............#...##....##.
..#######.##..##.##..............
..# #.##..##.###...###....##. ..#
#.##..##.# #...# #....##.
..#######.##..##.####..######.##.


You could see an iguana.

Vanquished Creatures
  Pikel (D:3)
  Prince Ribbit (D:5)
  An ogre (D:4)
  2 lemures (D:3)
  A sleepcap (D:4)
  Terence (D:2)
  2 orc wizards (D:3)
  4 adders (D:2)
  2 ufetubi
  2 worms
  9 orcs
  6 bats
  8 endoplasms
  A giant cockroach (D:1)
  5 goblins
  8 hobgoblins
  3 jackals (D:1)
  2 kobolds
  2 quokkas
  9 ball pythons
  A frilled lizard (D:3)
  3 rats
74 creatures vanquished.

Notes
Turn   | Place    | Note
-------+----------+-------------------------------------------
     0 | D:5      | GordonOverkill the Deep Elf Delver began the quest for the
                  | Orb.
     0 | D:5      | Reached XP level 1. HP: 13/13 MP: 3/3
     1 | D:5      | Noticed an iguana
    63 | D:5      | Found Luakh's Antique Weapon Boutique.
    71 | D:5      | Noticed Prince Ribbit
    74 | D:5      | Noticed an ogre
    89 | D:4      | Noticed a sleepcap
    95 | D:4      | Found a staircase to the Ecumenical Temple.
   382 | D:3      | Identified the +2 leather armour of the Old and Reckless
                  | {rC+ Will- Int+7 SInv}
   431 | D:3      | Reached XP level 2. HP: 18/18 MP: 4/4
   469 | D:2      | Reached skill level 1 in Spellcasting
  1152 | D:1      | Found a faded altar of an unknown god.
  1233 | D:1      | Reached XP level 3. HP: 21/23 MP: 8/8
  1478 | D:2      | Found a shimmering altar of Xom.
  1519 | D:2      | Reached skill level 1 in Air Magic
  1750 | D:2      | Noticed Terence
  2263 | D:2      | Reached XP level 4. HP: 22/28 MP: 10/10
  2300 | D:2      | Reached skill level 2 in Air Magic
  2312 | D:2      | Learned a level 4 spell: Airstrike
  2468 | D:3      | Found Ygig's Antique Weapon Shoppe.
  2492 | D:3      | Got an ancient book
  2789 | D:3      | Reached skill level 3 in Air Magic
  3191 | D:4      | Reached XP level 5. HP: 32/32 MP: 11/11
  3380 | D:4      | Noticed an ogre
  3409 | D:4      | Noticed a lemure
  3419 | D:4      | Noticed a lemure
  3422 | D:4      | Noticed a lemure
  3684 | D:3      | Reached skill level 4 in Air Magic
  3785 | D:4      | Noticed Pikel
  3997 | D:3      | Killed a lemure
  4006 | D:3      | Killed a lemure
  4078 | D:4      | Noticed a lemure
  4087 | D:3      | Killed Pikel
  4088 | D:3      | Reached skill level 5 in Air Magic
  4088 | D:3      | Reached skill level 5 in Spellcasting
  4088 | D:3      | Reached skill level 6 in Air Magic
  4088 | D:3      | Reached XP level 6. HP: 12/37 MP: 0/15
  4088 | D:3      | Reached XP level 7. HP: 14/41 MP: 0/16
  4877 | D:4      | Found a glowing silver altar of Zin.
  5147 | D:4      | Found an opulent altar of Gozag.
  5155 | D:4      | Became a worshipper of Gozag Ym Sagoz the Greedy
  5570 | D:2      | Found a shimmering altar of Xom.
  5585 | D:2      | Killed Terence
  5586 | D:2      | Reached skill level 7 in Air Magic
  5969 | D:2      | Learned a level 3 spell: Swiftness
  5974 | D:2      | Learned a level 4 spell: Summon Lightning Spire
  6064 | D:5      | Killed Prince Ribbit
  6071 | D:5      | Noticed a two-headed ogre
  6097 | D:4      | Slain by an iguana

Illustrated notes

Levels and vault maps discovered:
D:1:      reono_arrival_forest_river, layout_basic, shapermc_ecumenical_altar_gd
D:2:      layout_rooms, basic_altar, uniq_terence
D:3:      layout_basic, serial_shops, nicolae_shop_crystal, minivault_4
D:4:      layout_basic, pdpol_temple_overflow_zin_treasury_gozag_greed,
          minmay_temple_entry_glassed_door, uniq_pikel
D:5:      layout_rooms, serial_shops, shop, uniq_prince_ribbit1
D:6:      layout_basic, uniq_crazy_yiuf_cottage
D:7:      layout_basic, nicolae_yredelemnul_corpse_copse,
          chequers_temple_overflow_statue_of_worship, serial_corexii_hall,
          chequers_hall_statues_wall_a, corexii_hall_statues_t,
          kennysheep_generic_room_10

Skill      XL: |  1  2  3  4  5  6  7 |
---------------+----------------------+-----
Fighting       | 3 |  3.0
Spellcasting   | 2 3 5 6 |  6.7
Air Magic      | 1 3 6 7 |  7.0
Short Blades   | |  2.0
Dodging        | |  2.4
Stealth        | |  6.0

Action                     |  1- 3 |  4- 6 |  7- 9 || total
---------------------------+-------+-------+-------++-------
  Melee: Short sword       |    92 |       |       ||    92
         Rapier            |    44 |   116 |    24 ||   184
         Punch             |       |     1 |       ||     1
   Cast: Airstrike         |       |     7 |    14 ||    21
  Evoke: Wand              |       |     1 |     3 ||     4
    Use: Scroll            |     4 |     4 |     3 ||    11
   Stab: Sleeping          |    14 |     4 |       ||    18
         Distracted        |       |     1 |       ||     1
 Armour: Leather armour    |    68 |   100 |    30 ||   198
  Dodge: Dodged            |    77 |    91 |    29 ||   197

Table legend: (Time is in decaauts)
 A = Elapsed time spent in this place.
 B = Non-inter-level travel time spent in this place.
 C = Inter-level travel time spent in this place.
 D = Time resting spent in this place.
 E = Time spent auto-exploring this place.
 F = Levels seen in this place.
 G = Mean time per level.
                   A        B        C        D        E       F      G
               +--------+--------+--------+--------+--------+-----+--------+
         Total |   6126 |   5600 |    526 |   1482 |   2809 |   7 |  875.1 |
       Dungeon |   6126 |   5600 |    526 |   1482 |   2809 |   7 |  875.1 |
               +--------+--------+--------+--------+--------+-----+--------+

Top non-repeatable levels by time:
     D:4: 1928 daAuts
     D:2: 1478 daAuts
     D:3: 1369 daAuts
     D:1: 1222 daAuts
     D:5: 82 daAuts
     D:6: 27 daAuts
     D:7: 18 daAuts
